 Dungeon Crawl Stone Soup version 0.28.0-45-g0d030f2227 (webtiles) character file.

Game seed: 6626741883351289361

466 Ablot the Cutter (level 7, -6/59 HPs)
             Began as a Gnoll Chaos Knight on Apr 13, 2022.
             Was a Plaything of Xom.
             Mangled by a sea snake (glowing shapeshifter) (18 damage)
             ... on level 4 of the Dungeon.
             The game lasted 00:04:12 (3289 turns).

Ablot the Cutter (Gnoll Chaos Knight)               Turns: 3289, Time: 00:04:13

Health: -6/59      AC:  9    Str: 14    XL:     7   Next: 8%
Magic:  10/10      EV: 11    Int: 11    God:    Xom [.*....]
Gold:   113        SH:  5    Dex: 11    Spells: 10/10 levels left

rFire   + . .      SeeInvis .   a - +0 short sword (chaos)
rCold   . . .      Faith    .   (no shield)
rNeg    . . .      Spirit   .   s - +2 ring mail {rF+}
rPois   .          Reflect  +   p - +0 helmet
rElec   .          Harm     .   (no cloak)
rCorr   .          Rampage  .   (no gloves)
Will    .....                   (no boots)
Stlth   +.........              b - amulet of reflection
HPRegen 0.19/turn               l - ring of flight
MPRegen 0.12/turn               (no ring)

@: flying
A: fangs 1, strong nose, distributed training
a: Renounce Religion


You were on level 4 of the Dungeon.
You worshipped Xom.
You were a plaything of Xom.
You visited 1 branch of the dungeon, and saw 4 of its levels.

You collected 113 gold pieces.

Inventory:

Hand Weapons
 a - a +0 short sword of chaos (weapon)
Missiles
 e - 124 stones
 f - 76 arrows
 m - 18 sling bullets
 q - 2 poisoned darts (quivered)
 r - 33 bolts
Armour
 p - a +0 helmet (worn)
 s - a +2 ring mail of fire resistance (worn)
Jewellery
 b - an amulet of reflection (around neck)
 i - a ring of fire
 l - a ring of flight (left hand)
Scrolls
 c - 4 scrolls of identify {unknown}
 d - a scroll of vulnerability {unknown}
 h - 2 scrolls of torment {unknown}
 k - 2 scrolls of fog {unknown}
 n - a scroll of teleportation {unknown}
 o - a scroll of enchant armour {unknown}
Potions
 g - a potion of degeneration {unknown}
 j - a potion of haste {unknown}


   Skills:
 + Level 6.9 Fighting
 + Level 6.9 Short Blades
 + Level 2.2 Long Blades
 + Level 2.2 Axes
 + Level 2.2 Maces & Flails
 + Level 2.2 Polearms
 + Level 2.2 Staves
 + Level 2.2 Slings
 + Level 2.2 Bows
 + Level 2.2 Crossbows
 + Level 2.2 Throwing
 + Level 5.1 Armour
 + Level 3.4 Dodging
 + Level 2.2 Stealth
 + Level 2.2 Shields
 + Level 2.2 Unarmed Combat
 + Level 2.2 Spellcasting
 + Level 1.8 Conjurations
 + Level 1.8 Hexes
 + Level 1.8 Summonings
 + Level 1.8 Necromancy
 + Level 1.8 Translocations
 + Level 1.8 Transmutations
 + Level 1.8 Fire Magic
 + Level 1.8 Ice Magic
 + Level 1.8 Air Magic
 + Level 1.8 Earth Magic
 + Level 1.8 Poison Magic
 + Level 2.5 Invocations
 + Level 2.2 Evocations


You had 10 spell levels left.
You didn't know any spells.
Your spell library contained the following spells:

 Spells                   Type           Power      Damage    Failure   Level
 Summon Lightning Spire   Summ/Air       5%         N/A       95%         4
 Fireball                 Conj/Fire      2%         3d4       100%        5
 Iskenderun's Battlesphe  Conj           5%         2d6       100%        5
 Conjure Ball Lightning   Conj/Air       2%         3x3d6     100%        6
 Orb of Destruction       Conj           2%         9d5       100%        7
 Storm Form               Tmut/Air       2%         N/A       100%        7
 Maxwell's Capacitive Co  Air            2%         ∞         100%        8


Dungeon Overview and Level Annotations

Branches:
Dungeon (4/15)
 Temple: D:4-7

Altars:


Innate Abilities, Weirdness & Mutations

You have very sharp teeth.
Your uncanny sense of smell can sniff out nearby items.
Your experience applies equally to all skills.


Message History

The orc warrior is killed!
You have reached level 7!
Unknown command.
The orc hits you but does no damage. Something hits you.
You puncture the orc!
You kill the orc!
Something hits you but does no damage.
Found a dagger.
Something completely misses you.
Items here: ( ))) [ ††.
You closely miss something. Something hits you.
You hit something. You hit something but do no damage.
You hear some strange, mumbled words.
Something tries to affect you, but you resist.
You barely miss something. Something hits you.
* * * LOW HITPOINT WARNING * * *
You miss something. You block something's attack.
You hit something but do no damage.
A glowing shapeshifter appears out of thin air!
Reactivating autopickup.
You bite the glowing shapeshifter, but do no damage.
The glowing shapeshifter is severely wounded.
You completely miss the glowing shapeshifter.
You bite the glowing shapeshifter, but do no damage.
The glowing shapeshifter is severely wounded.
The glowing shapeshifter changes into a sea snake!
You miss the sea snake.
The sea snake is heavily wounded.
You closely miss the sea snake.
The sea snake is heavily wounded.
The sea snake barely misses you.
You hit the sea snake.
The sea snake is heavily wounded.
The sea snake bites you.
* * * LOW HITPOINT WARNING * * *
You hit the sea snake. You burn the sea snake.
The sea snake is severely wounded.
The sea snake bites you!!
You die...
Xom guffaws!

#) #. #. #. #. #.
#.######## #S@......#
########.# #.# # #.# #. ###
####.#######
#####.##.#######...........
....................######.
....#....#######.#..### .
####.# #.#<...#


You could see a sea snake shaped shifter.

Vanquished Creatures
  A water moccasin (shapeshifter) (D:2)
  An orc warrior (D:4)
  A scorpion (D:4)
  An orc priest (D:4)
  2 iguanas
  A howler monkey skeleton (D:3)
  3 adders (D:3)
  An ufetubus (D:4)
  A worm (D:2)
  3 dart slugs
  3 orcs
  7 endoplasms
  3 giant cockroaches
  7 goblins
  4 hobgoblins
  8 jackals
  3 quokkas
  6 ball pythons
  7 bats
  3 frilled lizards
  9 kobolds
  5 rats
80 creatures vanquished.

Vanquished Creatures (others)
  A giant cockroach (D:2)
  2 fungi (D:1)
  9 plants (D:1)
12 creatures vanquished.

Grand Total: 92 creatures vanquished

Notes
Turn   | Place    | Note
-------+----------+-------------------------------------------
     0 | D:1      | Ablot the Gnoll Chaos Knight began the quest for the Orb.
     0 | D:1      | Reached XP level 1. HP: 23/23 MP: 1/1
   109 | D:1      | Reached XP level 2. HP: 24/29 MP: 2/2
   154 | D:1      | XOM: silly message
   337 | D:1      | Reached XP level 3. HP: 35/35 MP: 3/3
   517 | D:1      | XOM: divination: detect creatures
   621 | D:1      | Reached skill level 1 in Invocations
   795 | D:1      | XOM: silly message
   903 | D:1      | Found a faded altar of an unknown god.
  1016 | D:2      | Reached skill level 1 in Long Blades
  1016 | D:2      | Reached skill level 1 in Axes
  1016 | D:2      | Reached skill level 1 in Maces & Flails
  1016 | D:2      | Reached skill level 1 in Polearms
  1016 | D:2      | Reached skill level 1 in Staves
  1016 | D:2      | Reached skill level 1 in Slings
  1016 | D:2      | Reached skill level 1 in Bows
  1016 | D:2      | Reached skill level 1 in Crossbows
  1016 | D:2      | Reached skill level 1 in Throwing
  1016 | D:2      | Reached skill level 1 in Stealth
  1016 | D:2      | Reached skill level 1 in Shields
  1016 | D:2      | Reached skill level 1 in Unarmed Combat
  1016 | D:2      | Reached skill level 1 in Spellcasting
  1016 | D:2      | Reached skill level 1 in Evocations
  1210 | D:2      | Reached XP level 4. HP: 41/41 MP: 5/5
  1446 | D:2      | Noticed a shapeshifter
  1446 | D:2      | a worm changed into a shapeshifter
  1446 | D:2      | XOM: potion effect (invisibility)
  1446 | D:2      | Noticed a sky beast
  1446 | D:2      | a shapeshifter changed into a sky beast
  1450 | D:2      | Noticed a golden eye
  1456 | D:2      | Noticed a water moccasin
  1456 | D:2      | a golden eye changed into a water moccasin
  1467 | D:2      | Killed a water moccasin
  1468 | D:2      | Reached skill level 1 in Conjurations
  1468 | D:2      | Reached skill level 1 in Hexes
  1468 | D:2      | Reached skill level 1 in Summonings
  1468 | D:2      | Reached skill level 1 in Necromancy
  1468 | D:2      | Reached skill level 1 in Translocations
  1468 | D:2      | Reached skill level 1 in Transmutations
  1468 | D:2      | Reached skill level 1 in Fire Magic
  1468 | D:2      | Reached skill level 1 in Ice Magic
  1468 | D:2      | Reached skill level 1 in Air Magic
  1468 | D:2      | Reached skill level 1 in Earth Magic
  1468 | D:2      | Reached skill level 1 in Poison Magic
  1468 | D:2      | Reached XP level 5. HP: 31/47 MP: 5/7
  1934 | D:2      | You fall into a shaft and drop 2 floors!
  1952 | D:4      | XOM: potion effect (haste)
  1967 | D:4      | Reached XP level 6. HP: 37/53 MP: 8/8
  2251 | D:3      | XOM: divination: magic mapping
  2767 | D:3      | Reached skill level 5 in Armour
  2875 | D:3      | XOM: silly message
  3259 | D:4      | Noticed an orc warrior
  3274 | D:4      | Killed an orc warrior
  3275 | D:4      | Reached XP level 7. HP: 26/59 MP: 10/10
  3284 | D:4      | Noticed a glowing shapeshifter
  3285 | D:4      | Noticed a sea snake
  3285 | D:4      | a glowing shapeshifter changed into a sea snake
  3289 | D:4      | Mangled by a sea snake (glowing shapeshifter)

Illustrated notes

Levels and vault maps discovered:
D:1:      tarquinn_simple_flora_water_e, layout_rooms,
          shapermc_ecumenical_altar_petra, lexackson_kobold_supper
D:2:      layout_basic
D:3:      kennysheep_big_flooded_room, layout_basic
D:4:      layout_loops_ring, uniq_sigmund

Skill      XL: |  1  2  3  4  5  6 |
---------------+-------------------+-----
Invocations    | 1 2 |  2.5
Long Blades    | 1 2 |  2.2
Axes           | 1 2 |  2.2
Maces & Flails | 1 2 |  2.2
Polearms       | 1 2 |  2.2
Staves         | 1 2 |  2.2
Slings         | 1 2 |  2.2
Bows           | 1 2 |  2.2
Crossbows      | 1 2 |  2.2
Throwing       | 1 2 |  2.2
Stealth        | 1 2 |  2.2
Shields        | 1 2 |  2.2
Unarmed Combat | 1 2 |  2.2
Spellcasting   | 1 2 |  2.2
Evocations     | 1 2 |  2.2
Dodging        | 3 |  3.4
Conjurations   | 1 |  1.8
Hexes          | 1 |  1.8
Summonings     | 1 |  1.8
Necromancy     | 1 |  1.8
Translocations | 1 |  1.8
Transmutations | 1 |  1.8
Fire Magic     | 1 |  1.8
Ice Magic      | 1 |  1.8
Air Magic      | 1 |  1.8
Earth Magic    | 1 |  1.8
Poison Magic   | 1 |  1.8
Armour         | 5 |  5.1
Fighting       | |  6.9
Short Blades   | |  6.9

Action                   |  1- 3 |  4- 6 |  7- 9 || total
-------------------------+-------+-------+-------++-------
Melee: Short sword       |   172 |   156 |    12 ||   340
       Bite              |    19 |    13 |     2 ||    34
       Punch             |     4 |     1 |       ||     5
Throw: Stone             |       |     1 |       ||     1
       Dart              |       |     4 |       ||     4
 Stab: Sleeping          |     2 |     2 |       ||     4
       Invisible         |       |     3 |       ||     3
       Distracted        |       |     1 |       ||     1
Armor: Leather armour    |    47 |    19 |       ||    66
       Ring mail         |       |    24 |     2 ||    26
Dodge: Dodged            |    96 |    71 |     2 ||   169
Block: Other             |       |     8 |     1 ||     9
